cohdb
Replays
Latest Replays
All Replays
Popular Replays
Top Player Replays
Match Explorer
How It Works
Community
CoH3 Stats
Reddit
Sign in to upload your games and track your stats! →
Sign in with Steam
Match 42517289
Unlisted
Match 42517289
Overview
Messages
Build Orders
End
Royal Engineer Section
Construct Section Command Post
Infantry Section
Infantry Section
Infantry Section
Selects Canadian Shock Battlegroup
Selects Attacking Spirit
Selects Canadian Shock Section
Construct Platoon Command Post
Humber Armored Car
Canadian Shock Section
Construct Field Infirmary
Construct Field Infirmary
Unlock Bishop Self-propelled Artillery
Selects Incendiary Munitions
Grenade Package
Canadian Shock Section
Infantry Training
Bishop Self-propelled Artillery
Selects Pyrotechnics
6-pounder Anti-tank Gun Team
Construct Company Command Post
Vlavius
Alexem
chobandi
Mustache and Melons
0
0
Comments
sign in to comment!
No comments posted yet!